 Dungeon Crawl Stone Soup version 0.17-a0-2158-g6d76252 (webtiles) character file.

5127 Ordine the Thaumaturge (level 10, -9/61 HPs)
             Began as a Gargoyle Fire Elementalist on Oct 25, 2015.
             Was an Initiate of Vehumet.
             Shot with a bolt by an orc knight (14 damage)
             ... on level 9 of the Dungeon.
             The game lasted 00:57:34 (9375 turns).

Ordine the Thaumaturge (Gargoyle Fire Elementalist) Turns: 9375, Time: 00:57:34

Health: -9/61      AC: 18    Str: 13    XL:     10   Next: 58%
Magic:  0/22       EV: 13    Int: 18    God:    Vehumet [......]
Gold:   264        SH:  5    Dex: 10    Spells: 5 memorised, 8 levels left

rFire  . . .     SeeInvis .     s - +2 mace (protect)
rCold  . . .     Clarity  .     a - +1 robe
rNeg   + . .     SustAt   .     n - +0 buckler
rPois  ∞         Gourm    .     p - +2 hat
rElec  +         Spirit   .     y - +0 cloak
rCorr  .         Warding  .     (no gloves)
rMut   .         Stasis   .     (no boots)
MR     .....                    (no amulet)
Stlth  +++.......               (no ring)
                                k - ring of wizardry

@: not resistant to hostile enchantments, fairly stealthy
A: hooves 1, camouflage 1, negative energy resistance 1, robust 1, screaming 1,
electricity resistance, unbreathing, petrification resistance, rot immunity,
MP-powered wands, AC +7
a: Renounce Religion


You were on level 9 of the Dungeon.
You worshipped Vehumet.
Vehumet was noncommittal.
You were very hungry.

You visited 2 branches of the dungeon, and saw 10 of its levels.

You collected 564 gold pieces.
You spent 300 gold pieces at shops.

Inventory:

Hand Weapons
 s - a +2 mace of protection (weapon)
Armour
 a - a +1 robe (worn)
 n - a +0 buckler (worn)
 p - a +2 hat (worn)
 y - a +0 cloak (worn)
Jewellery
 k - a ring of wizardry (left hand)
Wands
 i - a wand of fireball (1)
 r - a wand of slowing (15)
Scrolls
 d - 2 scrolls of magic mapping
 f - 3 scrolls of remove curse
 h - a scroll of amnesia
 o - a scroll of enchant weapon
 u - a scroll of fog
 v - a scroll of enchant armour
Potions
 e - a potion of resistance
 g - a potion of cancellation
 m - 2 potions of brilliance
 q - 4 potions of curing
 w - 2 potions of might
 z - a potion of magic
 A - a potion of flight
 B - a potion of agility {unknown}
Books
 b - a book of Flames

   Spells                             Type                      Level
   a - Flame Tongue                   Conjuration/Fire             1
   b - Throw Flame                    Conjuration/Fire             2
   c - Conjure Flame                  Conjuration/Fire             3
   d - Inner Flame                    Hexes/Fire                   3
   e - Sticky Flame                   Conjuration/Fire             4
   f - Fireball                       Conjuration/Fire             5
 x - a book of the Sky

   Spells                             Type                      Level
   a - Summon Lightning Spire         Summoning/Air                4
   b - Airstrike                      Air                          4
   c - Silence                        Hexes/Air                    5
   d - Deflect Missiles               Charms/Air                   6
   e - Conjure Ball Lightning         Conjuration/Air              6
   f - Tornado                        Air                          9
Miscellaneous
 C - a phantom mirror
Comestibles
 c - 9 bread rations
 j - 8 meat rations
 l - 2 fruits
 t - a royal jelly


   Skills:
 + Level 3.9 Fighting
 + Level 3.6 Maces & Flails
 + Level 3.6 Dodging
 - Level 2.1 Stealth
 - Level 5.7 Shields
 + Level 8.4 Spellcasting
 - Level 5.7 Conjurations
 + Level 6.6 Fire Magic
 + Level 1.4 Air Magic
 + Level 3.2 Evocations


You had 8 spell levels left.
You knew the following spells:

 Your Spells              Type           Power        Failure   Level  Hunger
a - Flame Tongue          Conj/Fire      ####.        1%          1    None
b - Conjure Flame         Conj/Fire      ####....     1%          3    None
c - Sticky Flame          Conj/Fire      ####....     4%          4    ###....
d - Fireball              Conj/Fire      ####......   10%         5    #####..
e - Airstrike             Air            ##........   26%         4    ###....


Dungeon Overview and Level Annotations

Branches:
Dungeon (9/15)             Temple (1/1) D:6
   Lair: D:8-11         Orc: D:9-12

Altars:
Ashenzari
Cheibriados
Dithmenos
Elyvilon
Fedhas
Gozag
Kikubaaqudgha
Makhleb
Nemelex Xobeh
Okawaru
Qazlal
Ru
Sif Muna
Trog
Vehumet
Xom
Yredelemnul
Zin
The Shining One

Shops:
D:8 !   D:9 *[

Annotations:
D:4 Burgietje's ghost, novice MiFi


Innate Abilities, Weirdness & Mutations

You are resistant to torment.
Your stone body is resilient (AC +7).
You are immune to poison.
You resist negative energy.
You are resistant to electric shocks.
You can survive without breathing.
You are immune to petrification.
You are immune to rotting.
You have large cloven feet.
Your skin changes colour to match your surroundings (Stealth).
You are robust (+10% HP).
You occasionally shout uncontrollably at your foes.
You expend magic power (3 MP) to strengthen your wands.


Message History

Confirm with . or Enter, or press ? or * to list all spells.
Aiming: Flame Tongue
Press: ? - help, Shift-Dir - straight line, f/p - yak
Aim: a yak (severely wounded)
The flame tongue hits the yak.
The yak is severely wounded.
The orc knight shoots a bolt.
The bolt hits you!!
* * * LOW HITPOINT WARNING * * *
The yak gores you but does no damage.
Casting: Flame Tongue
Confirm with . or Enter, or press ? or * to list all spells.
Aiming: Flame Tongue
Press: ? - help, Shift-Dir - straight line, f/p - yak
Aim: a yak (severely wounded)
The flame tongue hits the yak.
You kill the yak!
Vehumet accepts your kill.
You feel your dexterity returning.
The orc knight shoots a bolt.
The bolt hits you!
You die...

### #....##.. ##.# #....#... #.#
### #....#... #.# ..# #.<..#..Y
#.# #.# ....##.o #.# #.#
#..###§######## #.#
#∩.....(.##...##
#.######........#.....#
.............8.†@.....# ########
#^#######.....(.#.....# #.......
#.#.............##...## ##.∩.#.#
....#.)[..###'########## #....#.#
#.#.#..##.##...##....#.###..#....
#.#....##.#.....####.#.##.......#
#.........#.....#....#.#.........
#.#.#.#...#.....#................
..#.......##...##......###.....##


You could see an orc knight.

Vanquished Creatures
  An unseen horror (D:9)
  A hill giant (D:6)
  Pikel (D:6)
  A cyclops (D:8)
  Maurice (D:9)
  A troll (D:9)
  A spriggan (D:7)
  2 yaks (D:9)
  An ice beast (D:5)
  The ghost of ldierk the Chopper, an amateur HOFi (D:3)
  3 slaves (D:6)
  3 sky beasts
  An ogre (D:7)
  3 centaurs
  4 scorpions
  5 wights (D:9)
  2 crimson imps
  A centaur skeleton (D:6)
  5 orc wizards
  A quasit (D:9)
  4 hounds
  2 orc priests
  4 giant frog skeletons
  A jelly (D:8)
  8 worker ants
  An iguana (D:8)
  A worker ant zombie (D:9)
  8 adders
  9 gnolls
  2 shadow imps
  3 adder skeletons
  6 giant geckos
  25 orcs
  10 bats
  8 giant cockroaches
  8 goblins
  5 hobgoblins
  9 jackals
  3 ball pythons
  A ball python skeleton (D:6)
  A giant gecko zombie (D:4)
  6 giant newts
  8 kobolds
  4 quokkas
  2 quokka skeletons
  A quokka zombie (D:6)
  10 rats
189 creatures vanquished.

Vanquished Creatures (others)
  3 fungi (D:9)
  A plant (D:9)
4 creatures vanquished.

Grand Total: 193 creatures vanquished

Notes
Turn   | Place    | Note
--------------------------------------------------------------
     0 | D:1      | Ordine the Gargoyle Fire Elementalist began the quest for the Orb.
     0 | D:1      | Reached XP level 1. HP: 10/10 MP: 3/3
   212 | D:1      | Reached XP level 2. HP: 15/15 MP: 3/5
   618 | D:1      | Reached XP level 3. HP: 12/19 MP: 2/7
   887 | D:1      | Learned a level 3 spell: Conjure Flame
  1426 | D:2      | Gained mutation: You have large cloven feet. [potion of mutation]
  1426 | D:2      | Gained mutation: Your skin changes colour to match your surroundings (Stealth). [potion of mutation]
  1426 | D:2      | Gained mutation: You occasionally shout uncontrollably at your foes. [potion of mutation]
  1655 | D:2      | Reached XP level 4. HP: 24/24 MP: 3/9
  1661 | D:2      | Learned a level 4 spell: Sticky Flame
  1915 | D:2      | Found a shadowy altar of Dithmenos.
  2090 | D:3      | Reached XP level 5. HP: 28/28 MP: 0/10
  2099 | D:3      | Reached skill level 4 in Spellcasting
  2518 | D:3      | Noticed ldierk's ghost (amateur HOFi)
  2569 | D:3      | Killed ldierk's ghost
  2569 | D:3      | Reached XP level 6. HP: 10/32 MP: 0/13
  3047 | D:3      | Learned a level 5 spell: Fireball
  3541 | D:4      | Noticed Burgietje's ghost (novice MiFi)
  4024 | D:4      | Reached skill level 5 in Spellcasting
  4606 | D:4      | Reached XP level 7. HP: 36/36 MP: 8/14
  4686 | D:5      | Entered Level 5 of the Dungeon
  5148 | D:5      | Got a twisted hand axe
  5152 | D:5      | Identified the +9 hand axe of Defiance {vamp, *Rage *Confuse Dex+4 Stlth+} (You found it on level 5 of the Dungeon)
  5156 | D:5      | Reached skill level 6 in Spellcasting
  5413 | D:5      | Found a snail-covered altar of Cheibriados.
  5613 | D:6      | Noticed a hill giant
  5634 | D:6      | Killed a hill giant
  5634 | D:6      | Reached skill level 7 in Spellcasting
  5634 | D:6      | Reached skill level 5 in Conjurations
  5634 | D:6      | Reached skill level 5 in Fire Magic
  5634 | D:6      | Reached XP level 8. HP: 41/41 MP: 1/18
  5747 | D:6      | Found a staircase to the Ecumenical Temple.
  5764 | Temple   | Entered the Ecumenical Temple
  6187 | D:6      | Noticed Pikel
  6231 | D:6      | Reached skill level 1 in Shields
  6453 | D:6      | Killed Pikel
  6453 | D:6      | Reached skill level 5 in Shields
  6453 | D:6      | Reached XP level 9. HP: 24/45 MP: 4/20
  6899 | D:7      | Reached skill level 1 in Maces & Flails
  6910 | D:7      | Reached skill level 1 in Fighting
  6918 | D:7      | Gained mutation: You expend magic power (3 MP) to strengthen your wands. [mutagenic meat]
  6920 | D:7      | Gained mutation: You are robust (+10% HP). [mutagenic meat]
  7276 | D:7      | Reached skill level 1 in Evocations
  8032 | D:8      | Found Dukhlaf's Distillery.
  8115 | D:8      | Bought 2 potions of curing for 78 gold pieces
  8115 | D:8      | Bought a potion of curing for 39 gold pieces
  8115 | D:8      | Bought a potion of heal wounds for 65 gold pieces
  8115 | D:8      | Bought a potion of flight for 39 gold pieces
  8115 | D:8      | Bought a potion of brilliance for 52 gold pieces
  8154 | D:8      | Noticed a cyclops
  8164 | D:8      | Killed a cyclops
  8164 | D:8      | Reached skill level 8 in Spellcasting
  8164 | D:8      | Reached XP level 10. HP: 28/60 MP: 6/22
  8518 | D:9      | Found Waosotso's Antique Armour Shop.
  8597 | D:9      | Found a glowing golden altar of the Shining One.
  8597 | D:9      | Found a glowing silver altar of Zin.
  8598 | D:9      | Found a white marble altar of Elyvilon.
  8635 | D:9      | Found a radiant altar of Vehumet.
  8647 | D:9      | Became a worshipper of Vehumet
  8697 | D:9      | Learned a level 4 spell: Airstrike
  8709 | D:9      | Noticed Maurice
  8772 | D:9      | Killed Maurice
  8972 | D:9      | Found a blossoming altar of Fedhas.
  9275 | D:9      | Found Tytod's Assorted Antiques.
  9283 | D:9      | Noticed an unseen horror
  9311 | D:9      | Killed an unseen horror
  9311 | D:9      | Reached skill level 1 in Air Magic
  9317 | D:9      | Bought a fuming coppery potion for 27 gold pieces
  9356 | D:9      | Noticed an orc knight
  9375 | D:9      | Shot with a bolt by an orc knight

Vault maps used:
D:1:      dpeg_arrival_tiny_i
D:2:      nicolae_dithmenos_through_a_glass_darkly
D:4:      first_bread, serial_bayou, serial_bayou_pond_d, serial_bayou_pond_e,
          serial_bayou_pond_a, serial_bayou_pond_c, serial_bayou_shore_b
D:5:      cheibriados_altar_1, minmay_misc_feat_iff
D:6:      minmay_temple_entry_statues_fountains, uniq_pikel
D:7:      the_bakery
D:8:      serial_shops, shop, minmay_curled_crystal
D:9:      good_gods_temple_1, fedhas_altar_3, lemuel_crystal_altar,
          serial_shops, shop, nicolae_shop_stone, special_room,
          minmay_three_doors, uniq_maurice
Temple:   circular_temple_12

Action                   |  1- 3 |  4- 6 |  7- 9 | 10-12 || total
-------------------------+-------+-------+-------+-------++-------
Melee: Club              |    44 |    63 |    93 |       ||   200
       Unarmed           |     7 |       |       |       ||     7
       Hand axe          |       |       |     5 |       ||     5
       Whip              |       |       |     8 |       ||     8
       Mace              |       |       |     5 |    29 ||    34
 Cast: Flame Tongue      |    55 |   130 |   219 |    89 ||   493
       Conjure Flame     |       |     6 |     9 |     4 ||    19
       Fireball          |       |       |     1 |     1 ||     2
       Sticky Flame      |       |       |       |     5 ||     5
Evoke: Wand              |       |       |     1 |       ||     1
  Use: Scroll            |     5 |     6 |    10 |     3 ||    24
       Potion            |     1 |     1 |     1 |       ||     3
 Stab: Sleeping          |     1 |     1 |       |       ||     2
  Eat: Chunk             |     3 |    10 |    13 |     3 ||    29
       Beef jerky        |       |       |     4 |       ||     4
       Bread ration      |       |       |     1 |       ||     1
       Fruit             |       |       |       |     1 ||     1
